 Dungeon Crawl Stone Soup version 0.18.1-1-g2f07953 (webtiles) character file.

42 Locuples the Sneak (level 3, -1/27 HPs)
             Began as a Demonspawn Assassin on May 5, 2016.
             Succumbed to an orc wizard's poison
             ... on level 3 of the Dungeon on May 6, 2016.
             The game lasted 00:04:17 (1119 turns).

Locuples the Sneak (Demonspawn Assassin)            Turns: 1119, Time: 00:04:18

Health: -1/27      AC:  6    Str: 12    XL:     3   Next: 35%
Magic:  3/3        EV: 11    Int: 12    God:
Gold:   70         SH:  0    Dex: 14    Spells: 0 memorised, 2 levels left

rFire  . . .     SeeInvis .     a - +3 dagger
rCold  . . .     Gourm    .     c - +0 robe
rNeg   . . .     Faith    .     (no shield)
rPois  .         Spirit   .     (no helmet)
rElec  .         Dismiss  .     d - +0 cloak
rCorr  .         Reflect  .     i - +0 pair of gloves
SustAt .         Harm     .     (no boots)
MR     .....                    l - amulet of inaccuracy (curse)
Stlth  +.........               (no ring)
                                (no ring)

@: confused, lethally poisoned (-1 -> -16), flying, very slightly contaminated,
invisible, not resistant to hostile enchantments, very unstealthy
A: yellow scales 1, spiny 1
a: no special abilities


You were on level 3 of the Dungeon.
You were hungry.

You visited 1 branch of the dungeon, and saw 3 of its levels.

You collected 70 gold pieces.

Inventory:

Hand Weapons
 a - a +3 dagger (weapon)
 b - a +0 blowgun
Missiles
 e - 8 poisoned needles
 f - 2 curare-tipped needles
Armour
 c - a +0 robe (worn)
 d - a +0 cloak (worn)
 i - a +0 pair of gloves (worn)
Jewellery
 l - a cursed amulet of inaccuracy (around neck)
Potions
 k - a potion of invisibility
Comestibles
 g - a bread ration
 h - a beef jerky
 m - a meat ration


   Skills:
 - Level 2.0 Fighting
 + Level 2.1 Short Blades
 - Level 1.7 Throwing
 - Level 0.8 Dodging
 * Level 4.7 Stealth


You had 2 spell levels left.
You didn't know any spells.

Dungeon Overview and Level Annotations

Branches:
Dungeon (2/15)

Altars:
Pakellas
Yredelemnul


Innate Abilities, Weirdness & Mutations

You are partially covered in yellow scales (AC +2).
You are partially covered in sharp spines.


Message History

The magic dart hits you!
You miss the orc wizard.
The orc wizard is heavily wounded.
* * * LOW HITPOINT WARNING * * *
You feel sick. The orc wizard barely misses you.
You bump into the rock wall.
* * * LOW HITPOINT WARNING * * *
You feel sick.
The orc wizard points at you and mumbles some strange words.
The magic dart hits you!
* * * LOW HITPOINT WARNING * * *
* * * LOW HITPOINT WARNING * * *
You feel sick.
The orc wizard hits you but does no damage.
You see here an orc corpse.
Unknown command.
The orc shouts!
You hit the orc wizard.
The orc wizard is heavily wounded.
You die...

..........รท......#
######..##.#####.#
######..##.# #.. ###
...........#####.###..
######........##..#.#
# ##
##.#..##.##..o.#.#. .#
#.#..##.##..#..... .#
#.......##o...# .#
#.#..##[..@# ##
#.#..##.##.#.# #
#.#........... #
#.......##.### #
#.#.#.#.##.# #
#.#........# #
#.#.#.#.##.# #
#.#.....##.# #
#.##..###


You could see an orc wizard and an orc (wandering).

Vanquished Creatures
  An adder (D:3)
  A worm (D:2)
  An orc (D:3)
  A ball python (D:2)
  6 goblins
  3 hobgoblins (D:1)
  4 jackals (D:1)
  3 bats
  3 kobolds
  2 rats
  A spectral orc (D:2)
26 creatures vanquished.

Notes
Turn   | Place    | Note
--------------------------------------------------------------
     0 | D:1      | Locuples the Demonspawn Assassin began the quest for the Orb.
     0 | D:1      | Reached XP level 1. HP: 16/16 MP: 1/1
   231 | D:1      | Reached skill level 4 in Stealth
   239 | D:1      | Gained mutation: You are partially covered in sharp spines. [demonic ancestry]
   239 | D:1      | Reached XP level 2. HP: 17/22 MP: 2/2
   683 | D:2      | Found a basalt altar of Yredelemnul.
   759 | D:2      | Gained mutation: You are partially covered in yellow scales (AC +2). [demonic ancestry]
   759 | D:2      | Reached XP level 3. HP: 27/27 MP: 3/3
   760 | D:2      | Upgraded the game from 0.18.0-1-g0107ab7 to 0.18.1-1-g2f07953
   767 | D:2      | You fall through a shaft!
   779 | D:3      | Found an oddly glowing altar of Pakellas.
  1118 | D:3      | HP: 1/27 [poisoned by an orc wizard]
  1119 | D:3      | Succumbed to an orc wizard's poison

Skill      XL: |  1  2 |
---------------+-------+-----
Stealth        | 4 |  4.7
Short Blades   | 2 |  2.1
Fighting       | |  2.0
Throwing       | |  1.7
Dodging        | |  0.8

Action                   || total
-------------------------++-------
Melee: Dagger            ||    55
  Use: Potion            ||     2
       Scroll            ||     1
 Stab: Sleeping          ||    11
Armor: Robe              ||    10
Dodge: Dodged            ||    35
